 Dungeon Crawl Stone Soup version 0.24-a0-537-g2d01d4ab0a (webtiles) character file.

Game seed: 17344674434287338689

10 Chiseanne the Magician (level 2, 0/19 HPs)
             Began as a Demonspawn Wizard on Aug 12, 2019.
             Succumbed to a scorpion's poison
             ... on level 4 of the Dungeon.
             The game lasted 00:01:22 (821 turns).

Chiseanne the Magician (Demonspawn Wizard)           Turns: 821, Time: 00:01:23

Health: 0/19       AC:  3    Str:  4 (7)  XL:     2   Next: 10%
Magic:  2/6        EV: 12    Int: 16 (19) God:
Gold:   18         SH:  0    Dex: 12 (13) Spells: 6/7 levels left

rFire    . . .     SeeInvis .   e - +2 short sword
rCold    . . .     Gourm    .   (no shield)
rNeg     . . .     Faith    .   a - +0 robe
rPois    .         Spirit   .   b - +0 hat
rElec    .         Reflect  .   (no cloak)
rCorr    .         Harm     .   (no gloves)
MR       .....     Clarity  +   (no boots)
Stlth    ++........             (no amulet)
HPRegen  0.06/turn              (no ring)
MPRegen  0.10/turn              (no ring)

@: lethally poisoned (0 -> -11)
A: talons 1, rugged brown scales 1, agile 1, clarity
a: no special abilities


You were on level 4 of the Dungeon.
You were not hungry.

You visited 1 branch of the dungeon, and saw 3 of its levels.

You collected 18 gold pieces.

Inventory:

Hand Weapons
 e - a +2 short sword (weapon)
Missiles
 c - 27 stones (quivered)
 i - 3 boomerangs
Armour
 a - a +0 robe (worn)
 b - a +0 hat (worn)
Jewellery
 j - an uncursed ring of stealth {unknown}
Scrolls
 m - 2 scrolls of remove curse {unknown}
Comestibles
 d - 2 rations


   Skills:
 - Level 1.7 Dodging
 - Level 1.7 Stealth
 * Level 3.2 Spellcasting
 * Level 1.6 Conjurations
   Level 1.0 Summonings
   Level 0.8 Translocations


You had 6 spell levels left.
You knew the following spells:

 Your Spells              Type           Power        Failure   Level  Hunger
a - Magic Dart            Conj           #...         9%          1    None

Your spell library contained the following spells:

 Spells                   Type           Power        Failure   Level  Hunger
 Blink                    Tloc           N/A          19%         2    ##.....
 Call Imp                 Summ           #.......     19%         2    ##.....
 Slow                     Hex            #.......     28%         2    ##.....
 Conjure Flame            Conj/Fire      #.......     36%         3    ###....
 Mephitic Cloud           Conj/Pois/Air  #.......     41%         3    ###....


Dungeon Overview and Level Annotations

Branches:
Dungeon (2/15)

Altars:
Cheibriados
Okawaru


Innate Abilities, Weirdness & Mutations

You are partially covered in rugged brown scales. (AC +1, +3% HP)
You have sharp toenails.
You are agile. (Dex +2)
You possess an exceptional clarity of mind.


Message History

You feel sick. The scorpion barely misses you.
You closely miss the scorpion.
The scorpion is heavily wounded.
You feel sick. The scorpion stings you.
* * * LOW HITPOINT WARNING * * *
You barely miss the scorpion.
The scorpion is heavily wounded.
* * * LOW HITPOINT WARNING * * *
You feel sick.
The scorpion stings you but does no damage.
You hit the scorpion.
You claw the scorpion, but do no damage.
The scorpion is heavily wounded.
* * * LOW HITPOINT WARNING * * *
You feel sick.
The scorpion stings you but does no damage.
You hit the scorpion.
You claw the scorpion, but do no damage.
The scorpion is severely wounded.
You die...

## .......# ..
?......# ..
##....#.#. .#
#....#...
####.....)#
##$.......# #.
#.........# #.
#.@..# ..
#s...# #.
#..[#.# #.
#..#.#.# #.
#..#..#.## #>
......##..## #.
.....## ##..###
#. .....
##...#########.
..
###...........


You could see a scorpion.

Vanquished Creatures
  An ooze (D:2)
  A giant cockroach (D:1)
  A bat (D:2)
  A frilled lizard (D:2)
  3 kobolds
  A rat (D:1)
8 creatures vanquished.

Notes
Turn   | Place    | Note
-------+----------+-------------------------------------------
     0 | D:1      | Chiseanne the Demonspawn Wizard began the quest for the
                  | Orb.
     0 | D:1      | Reached XP level 1. HP: 13/13 MP: 4/4
   237 | D:1      | You fall into a shaft and drop 1 floor!
   458 | D:2      | Gained mutation: You are partially covered in rugged brown
                  | scales. (AC +1, +3% HP) [demonic ancestry]
   458 | D:2      | Reached XP level 2. HP: 13/19 MP: 4/6
   725 | D:2      | You fall into a shaft and drop 2 floors!
   725 | D:4      | Found an iron altar of Okawaru.
   739 | D:4      | Found a snail-covered altar of Cheibriados.
   789 | D:4      | Noticed a scorpion
   803 | D:4      | Gained mutation: You are resistant to hostile enchantments.
                  | (MR+) [potion of mutation]
   803 | D:4      | Gained mutation: You possess an exceptional clarity of
                  | mind. [potion of mutation]
   803 | D:4      | Gained mutation: Scrolls take you a little longer to read.
                  | [potion of mutation]
   803 | D:4      | Gained mutation: You have sharp toenails. [potion of
                  | mutation]
   804 | D:4      | Lost mutation: Scrolls take you a little longer to read.
                  | [potion of mutation]
   804 | D:4      | Lost mutation: You possess an exceptional clarity of mind.
                  | [potion of mutation]
   804 | D:4      | Lost mutation: You are resistant to hostile enchantments.
                  | (MR+) [potion of mutation]
   804 | D:4      | Gained mutation: You possess an exceptional clarity of
                  | mind. [potion of mutation]
   804 | D:4      | Gained mutation: You are agile. (Dex +2) [potion of
                  | mutation]
   821 | D:4      | Succumbed to a scorpion's poison

Levels and vault maps discovered:
D:1:      giann_wishing_wells, layout_rooms, hangedman_decor_clover_reticule
D:2:      layout_loops_cross, nicolae_overflow_crystal_walls,
          nicolae_ru_the_path_less_chosen, minmay_pentomino_u2
D:4:      layout_rooms, cheibriados_altar_1, grunt_dithmenos_shadows,
          okawaru_metal_pillars_1_2, first_ration, uniq_natasha

Action                   || total
-------------------------++-------
Melee: Unarmed           ||     8
       Short sword       ||    20
       Kick              ||     4
 Cast: Magic Dart        ||    22
  Use: Potion            ||     5
       Scroll            ||     2
Armor: Robe              ||     4
Dodge: Dodged            ||    22

Table legend:
 A = Non-vault XP
 B = Vault XP
 C = Vault XP percentage of total XP
 D = Non-vault monster count
 E = Vault monster count
 F = Vault count percentage of total count
                 A         B        C        D         E       F
            +---------+---------+-------+---------+---------+-------
      Total |      15 |       0 |   0.0 |       8 |       0 |   0.0
            +---------+---------+-------+---------+---------+-------
        D:1 |       4 |       0 |   0.0 |       3 |       0 |   0.0
        D:2 |      11 |       0 |   0.0 |       5 |       0 |   0.0
            +---------+---------+-------+---------+---------+-------
